AoeStats
← rusolli

Arena

505291758Analyzed
2v2 RM · 24d ago on Sep 8, 2026· 58m 33s· 4 players
Game mode
Random Map
Map size
Medium (4 player)
Population
200
Speed
Normal
Resources
Standard
Victory
Conquest
Starting age
Dark Age
Ending age
Imperial Age
RankedLock teamsTeams togetherTeam positionsShared explorationLock speedFull tech treeHidden civsTurbo modeCheats
Victory
Defeat
🇳🇴 Gurjaras · Norway
1114
+17
🇳🇴 Japanese · Norway
1088
+19
🇹🇷 Spanish · Türkiye
1149
-18
🇹🇷 Ethiopians · Türkiye
1133
-18
langotriel
10:31 Feudal Age
14:21 Castle Age
12:38 Double-Bit Axe
15:05 Horse Collar
16:41 Heavy Plow
18:38 Loom
25:51 Wheelbarrow
26:26 Town Watch
28:03 Bow Saw
29:32 Hand Cart
30:14 Kshatriyas
30:47 Forging
30:42 Scale Barding Armor
31:27 Bloodlines
31:57 Husbandry
35:43 Imperial Age
34:44 Iron Casting
34:30 Chain Barding Armor
35:24 Fletching
37:30 Plate Barding Armor
36:51 Bodkin Arrow
36:26 Elite Shrivamsha Rider
38:27 Conscription
38:36 Bracer
40:48 Scale Mail Armor
43:09 Chain Mail Armor
42:43 Arson
42:34 Elite Chakram Thrower
46:35 Plate Mail Armor
51:21 Heavy Camel Rider
52:52 Frontier Guards
rusolli
11:54 Feudal Age
15:57 Castle Age
14:24 Horse Collar
14:35 Gold Mining
15:31 Double-Bit Axe
17:56 Stone Mining
18:20 Fletching
22:52 Loom
23:41 Bodkin Arrow
25:33 Bow Saw
25:24 Heavy Plow
30:17 Wheelbarrow
29:28 Town Watch
30:16 Padded Archer Armor
30:21 Scale Mail Armor
30:32 Forging
33:37 Hand Cart
37:14 Imperial Age
35:58 Chain Mail Armor
38:17 Iron Casting
39:52 Plate Mail Armor
38:47 Pikeman
39:28 Squires
40:48 Blast Furnace
41:41 Conscription
41:01 Halberdier
42:47 Gambesons
46:49 Arson
48:12 Bracer
49:08 Coinage
50:12 Kataparuto
51:29 Hoardings
50:54 Man-at-Arms
52:37 Ballistics
52:27 Masonry
54:50 Banking
53:47 Elite Samurai
57:27 Two-Man Saw
58:36 Caravan
EtZeL
3:58 Loom
13:01 Feudal Age
13:31 Town Watch
16:37 Castle Age
15:15 Double-Bit Axe
15:41 Horse Collar
22:19 Fletching
24:11 Crossbowman
26:23 Bodkin Arrow
27:09 Padded Archer Armor
27:59 Thumb Ring
30:40 Leather Archer Armor
34:06 Imperial Age
32:13 Wheelbarrow
33:02 Ballistics
33:17 Scale Barding Armor
33:38 Squires
33:39 Scale Mail Armor
34:16 Forging
35:10 Bracer
35:42 Chain Mail Armor
35:16 Arson
36:22 Heavy Plow
36:54 Bow Saw
37:22 Iron Casting
37:36 Ring Archer Armor
38:32 Plate Mail Armor
37:42 Capped Ram
39:35 Blast Furnace
39:43 Two-Man Saw
38:56 Arbalester
40:38 Hand Cart
40:43 Siege Ram
41:34 Halberdier
47:53 Coinage
47:24 Caravan
47:28 Heavy Scorpion
48:38 Chain Barding Armor
48:22 Town Patrol
52:22 Chemistry
51:33 Masonry
ilia topuria
9:29 Feudal Age
12:25 Loom
15:17 Castle Age
26:06 Scale Barding Armor
35:20 Imperial Age
34:16 Wheelbarrow
33:27 Town Watch
33:37 Double-Bit Axe
35:31 Chain Barding Armor
36:07 Bloodlines
37:35 Chemistry
36:42 Horse Collar
37:18 Husbandry
44:21 Plate Barding Armor
44:57 Light Cavalry
45:04 Cavalier
46:37 Conscription
46:30 Paladin
47:23 Forging
49:28 Iron Casting
52:14 Blast Furnace
52:23 Hussar
Connection lost

Rejoining the realm…

Still unreachable

The connection could not be restored.

Session expired

The server has moved on; the page needs a fresh start.